 Dungeon Crawl Stone Soup version 0.28-a0-461-g2dc4ca5097 (webtiles) character file.

Game seed: 5680881290724387297

9783 mathmaestro the Blocker (level 11, -1/107 HPs)
             Began as a Troll Monk on Sept 13, 2021.
             Slain by an orc knight (30 damage)
             ... in a bailey.
             The game lasted 00:17:11 (6466 turns).

mathmaestro the Blocker (Troll Monk)                Turns: 6466, Time: 00:17:12

Health: -1/107     AC:  7    Str: 26    XL:     11   Next: 27%
Magic:  10/10      EV: 11    Int:  6    God:
Gold:   504        SH: 10    Dex: 12    Spells: 10/10 levels left

rFire   + . .      SeeInvis .     - Unarmed
rCold   + . .      Faith    .   p - +0 kite shield
rNeg    + . .      Spirit   .   a - +1 robe
rPois   .          Reflect  .   (helmet restricted)
rElec   .          Harm     .   (no cloak)
rCorr   .          Rampage  .   (gloves unavailable)
Will    .....      Clarity  +   (boots unavailable)
Stlth   ++........              i - amulet of regeneration
HPRegen 2.27/turn               B - ring of positive energy
MPRegen 0.12/turn               u - ring of protection from fire

@: no status effects
A: large, unfitting armour, claws 3, regeneration 1, shaggy fur 1, tough skin 1,
iridescent scales 1, clarity, cold resistance 1, strong 1
a: no special abilities


You were in a bailey.
You visited 1 branch of the dungeon, and saw 10 of its levels.
You also visited: Bailey.

You collected 658 gold pieces.
You spent 154 gold pieces at shops.

Inventory:

Hand Weapons
 d - a +2 dagger of electrocution
 y - a +4 scimitar
Missiles
 b - 61 sling bullets
 e - 89 arrows
 f - 175 stones
 j - 5 javelins
 l - 36 poisoned darts
 t - 3 datura-tipped darts
 F - 2 throwing nets
 H - 8 bolts
 I - 2 boomerangs (quivered)
Armour
 a - a +1 robe (worn)
 p - a +0 kite shield (worn)
Jewellery
 i - an amulet of regeneration (around neck)
 u - a ring of protection from fire (right claw)
 B - a ring of positive energy (left claw)
Wands
 k - a wand of flame (16)
 w - a wand of acid (1)
 x - a wand of paralysis (2)
 z - a wand of charming (4)
 G - a wand of polymorph (7)
Scrolls
 c - 3 scrolls of enchant armour
 g - a scroll of fear
 A - a scroll of teleportation
 D - a scroll of blinking
 K - a scroll of enchant weapon {unknown}
Potions
 h - 3 potions of curing
 m - 2 potions of might
 n - 2 potions of flight
 o - a potion of lignification
 r - 2 potions of brilliance
 v - a potion of haste
 C - a potion of invisibility
 J - a potion of ambrosia {unknown}
Miscellaneous
 L - a piece from Xom's chessboard (15/15)


   Skills:
 + Level 6.4 Fighting
 + Level 7.4 Throwing
 + Level 4.0 Armour
 - Level 5.0 Dodging
 - Level 1.0 Stealth
 + Level 8.6 Shields
 + Level 7.5 Unarmed Combat
 + Level 3.5 Evocations


You had 10 spell levels left.
You didn't know any spells.
Your spell library contained the following spells:

 Spells                   Type           Power      Damage    Failure   Level
 Sandblast                Erth           0%         2d4       47%         1
 Sting                    Tmut/Pois      0%         1d3       47%         1
 Passwall                 Tmut/Erth      0%         N/A       63%         2
 Poisonous Vapours        Pois/Air       0%         N/A       63%         2
 Sublimation of Blood     Necr           0%         N/A       63%         2
 Stone Arrow              Conj/Erth      0%         3d7       85%         3
 Animate Armour           Summ/Erth      0%         N/A       99%         4
 Olgreb's Toxic Radiance  Pois           0%         N/A       99%         4
 Petrify                  Tmut/Erth      0%         N/A       99%         4
 Blade Hands              Tmut           0%         N/A       100%        5
 Irradiate                Conj/Tmut      0%         3d13      100%        5
 Iron Shot                Conj/Erth      0%         9d1       100%        6


Dungeon Overview and Level Annotations

Branches:
Dungeon (10/15)               Orc (0/2) D:10         Bailey (1/1)
 Temple: D:4-7         Lair: D:8-11

Altars:
Gozag
Okawaru
Ru

Shops:
D:2 [   D:5 *   D:6 *

Annotations:
D:8 1 runed translucent door


Innate Abilities, Weirdness & Mutations

You are too large for most types of armour.
You have claws for hands.
Your natural rate of healing is unusually fast.
You are covered in fur. (AC +1)
You have tough skin. (AC +1)
You are partially covered in iridescent scales. (AC +2)
You possess an exceptional clarity of mind.
Your flesh is cold resistant. (rC+)
Your muscles are strong. (Str +2)


Message History

The orc knight hits you with a +0 war axe!
You barely miss the orc warrior.
The orc warrior is moderately wounded.
You block the orc warrior's attack. You block the orc knight's attack.
You scratch the orc warrior but do no damage.
The orc warrior is moderately wounded.
The orc warrior closely misses you.
You mangle the orc warrior!!
The orc warrior is almost dead.
The orc knight hits you with a +0 war axe!
The orc warrior misses you.
You scratch the orc warrior.
You kill the orc warrior!
The orc knight hits you with a +0 war axe!!
Aiming: Corrosive Bolt
Press: ? - help, Shift-Dir - straight line, f - orc knight
Aim: an orc knight, wielding a +0 war axe and wearing a +0 scale mail (67% to hit)
The bolt of acid misses the orc knight.
You block the orc knight's attack.
Unknown command.
Aiming: Corrosive Bolt
Press: ? - help, Shift-Dir - straight line, f/p - orc knight
Aim: an orc knight, wielding a +0 war axe and wearing a +0 scale mail (67% to hit)
The bolt of acid misses the orc knight.
The orc knight hits you with a +0 war axe!!
Unknown command.
Aiming: Corrosive Bolt
Press: ? - help, Shift-Dir - straight line, f/p - orc knight
Aim: an orc knight, wielding a +0 war axe and wearing a +0 scale mail (67% to hit)
The bolt of acid hits the orc knight!!
The acid corrodes the orc knight!
The orc knight is moderately wounded.
The orc knight hits you with a +0 war axe!!
* * * LOW HITPOINT WARNING * * *
You feel better. You block the orc knight's attack.
You mangle the orc knight!!
The orc knight is severely wounded.
You block the orc knight's attack.
You scratch the orc knight.
The orc knight is severely wounded.
The orc knight hits you with a +0 war axe!!
You die...

#≈≈.......≈≈###.
'≈≈.......≈≈(.'^
#≈≈.......≈≈####
##≈.......≈##
####'''####
##...).##
#∩.....∩#
#...8...#
##..@).##
###o### #...#
.......
...........
...............
...............
#.............#
###.?$...?$.###


You could see an orc knight (corroded).

Vanquished Creatures
  A two-headed ogre (D:10)
  A skeletal warrior (D:7)
  Pikel (D:9)
  An orc knight (Bailey)
  2 rust devils (D:7)
  A kobold demonologist (D:7)
  A troll (D:9)
  Sigmund (D:3)
  A wraith (D:8)
  Menkaure (D:7)
  A warg (D:10)
  Duvessa (D:6)
  6 orc warriors
  A black bear (D:3)
  An ice beast (D:5)
  A necrophage (D:7)
  An ogre (D:7)
  A phantom (D:5)
  A centaur (D:5)
  A lemure (D:9)
  A kobold brigand (D:6)
  A bullfrog (D:6)
  A gnoll sergeant (D:5)
  Dowan (D:6)
  3 scorpions
  A wyvern skeleton (D:7)
  9 killer bees
  12 wights
  4 orc priests
  A gnoll shaman (D:7)
  A jelly (D:6)
  4 hounds
  A scorpion zombie (D:5)
  Ijyb (D:3)
  3 iguanas
  7 orc wizards
  A hound skeleton (D:4)
  12 gnolls
  2 howler monkey zombies
  5 adders
  A shadow imp (D:7)
  A worm (D:2)
  2 dart slugs
  24 orcs
  7 endoplasms
  2 giant cockroaches
  11 goblins
  8 hobgoblins
  4 jackals (D:5)
  24 kobolds
  3 quokkas
  7 ball pythons
  4 bats
  3 frilled lizards (D:1)
  4 rats
202 creatures vanquished.

Vanquished Creatures (others)
  A plant (D:2)
1 creature vanquished.

Grand Total: 203 creatures vanquished

Notes
Turn   | Place    | Note
-------+----------+-------------------------------------------
     0 | D:1      | mathmaestro the Troll Monk began the quest for the Orb.
     0 | D:1      | Reached XP level 1. HP: 22/22 MP: 0/0
    75 | D:1      | Reached XP level 2. HP: 29/29 MP: 1/1
    77 | D:1      | Found a sacrificial altar of Ru.
   572 | D:2      | Found Qyutwoku's Antique Armour Shop.
   750 | D:2      | Reached XP level 3. HP: 36/36 MP: 2/2
  1040 | D:2      | Reached XP level 4. HP: 31/45 MP: 3/3
  1433 | D:3      | Noticed Sigmund
  1442 | D:3      | Killed Sigmund
  1443 | D:3      | Reached XP level 5. HP: 49/54 MP: 4/4
  1552 | D:3      | Noticed a black bear
  1552 | D:3      | Noticed Ijyb
  1559 | D:3      | Killed a black bear
  1560 | D:3      | Reached skill level 5 in Unarmed Combat
  1560 | D:3      | Reached XP level 6. HP: 56/63 MP: 5/5
  1568 | D:3      | Killed Ijyb
  2621 | D:4      | Found an opulent altar of Gozag.
  3180 | D:5      | Entered Level 5 of the Dungeon
  3187 | D:5      | Reached XP level 7. HP: 63/71 MP: 6/6
  3229 | D:5      | Reached skill level 1 in Throwing
  3229 | D:5      | Reached skill level 1 in Shields
  3266 | D:5      | Reached skill level 1 in Armour
  3435 | D:5      | Found Lianuaguso's Assorted Antiques.
  3438 | D:5      | Bought a scroll labelled JAPYVEE GAMIF for 33 gold pieces
  3438 | D:5      | Bought a scroll labelled NEIGAI GAUWKEB for 33 gold pieces
  3438 | D:5      | Bought 2 black potions for 59 gold pieces
  3438 | D:5      | Bought a lumpy yellow potion for 29 gold pieces
  3488 | D:5      | Reached skill level 1 in Evocations
  3520 | D:5      | Reached skill level 5 in Fighting
  3534 | D:5      | Reached XP level 8. HP: 62/80 MP: 7/7
  4078 | D:6      | Reached skill level 2 in Shields
  4556 | D:6      | Found Miczehue's Gadget Gallery.
  4572 | D:6      | Noticed Duvessa
  4572 | D:6      | Noticed Dowan
  4605 | D:6      | Killed Duvessa
  4610 | D:6      | Killed Dowan
  4877 | D:6      | Noticed a rust devil
  4877 | D:6      | Noticed a rust devil
  4888 | D:7      | Reached XP level 9. HP: 58/88 MP: 8/8
  4937 | D:7      | Killed a rust devil
  5008 | D:7      | Killed a rust devil
  5009 | D:7      | Reached skill level 3 in Shields
  5067 | D:6      | Identified the +4 morningstar "Zomnu" {holy, rF+ rC++}
  5078 | D:6      | Identified the +9 war axe "Koem" {spect, rC+ Will+ Dex+4
                  | SInv}
  5091 | D:6      | Reached skill level 8 in Shields
  5091 | D:6      | Reached XP level 10. HP: 98/98 MP: 9/9
  5188 | D:7      | Noticed Menkaure
  5193 | D:7      | Killed Menkaure
  5230 | D:7      | Noticed a skeletal warrior
  5254 | D:7      | HP: 1/98 [skeletal warrior (23)]
  5317 | D:7      | Killed a skeletal warrior
  5622 | D:7      | You fall into a shaft and drop 3 floors!
  5622 | D:10     | Entered Level 10 of the Dungeon
  5623 | D:10     | Noticed a two-headed ogre
  5628 | D:10     | Killed a two-headed ogre
  5774 | D:10     | Noticed a gargoyle
  5806 | D:10     | Reached XP level 11. HP: 94/104 MP: 10/10
  5869 | D:10     | Found a staircase to the Orcish Mines.
  5925 | D:10     | Noticed a two-headed ogre
  6038 | D:9      | Reached skill level 5 in Dodging
  6129 | D:8      | Found an iron altar of Okawaru.
  6134 | D:8      | Found a runed translucent door.
  6282 | D:9      | Noticed Pikel
  6315 | D:9      | Killed Pikel
  6359 | D:8      | Found a flagged portal.
  6365 | Bailey   | Entered a bailey
  6413 | Bailey   | Noticed an orc knight
  6426 | Bailey   | Killed an orc knight
  6442 | Bailey   | Noticed an orc knight
  6444 | Bailey   | Gained mutation: You possess an exceptional clarity of
                  | mind. [potion of mutation]
  6444 | Bailey   | Gained mutation: Your muscles are strong. (Str +2) [potion
                  | of mutation]
  6444 | Bailey   | Gained mutation: Your flesh is cold resistant. (rC+)
                  | [potion of mutation]
  6444 | Bailey   | Gained mutation: You are partially covered in iridescent
                  | scales. (AC +2) [potion of mutation]
  6466 | Bailey   | Slain by an orc knight

Illustrated notes

Levels and vault maps discovered:
D:1:      tarquinn_simple_flora_water_c, layout_basic, st_stairs_14,
          minmay_misc_feat_roman, kennysheep_flooded_box
D:2:      layout_loops_corners, serial_shops, nicolae_shop_overgrown_old_shop,
          palyth_stone_intersect, kennysheep_generic_room_12
D:3:      layout_basic, st_stairs_6, uniq_ijyb, uniq_sigmund
D:4:      layout_basic, lemuel_crystal_altar,
          hangedman_abyss_or_decor_lesser_grid
D:5:      layout_loops_ring, serial_shops, nicolae_shop_behind_doors,
          minmay_misc_feat_ornament, st_stairs_11
D:6:      cheibrodos_iron_armory, layout_basic, nicolae_shop_gadgets,
          uniq_duvessa
D:7:      layout_loops_ring, minmay_temple_entry_mist,
          kennysheep_generic_room_2, uniq_joseph, uniq_menkaure
D:8:      due_megacathedral, layout_loops_cross,
          chequers_temple_overflow_minitemple, enter_bailey_3
D:9:      layout_loops_corners, uniq_pikel
D:10:     layout_layer_cave, lair_entry_dummy, erik_orc_3,
          minmay_protected_statue
Bailey:   bailey_axe_3, bailey

Skill      XL: |  1  2  3  4  5  6  7  8  9 10 11 |
---------------+----------------------------------+-----
Fighting       | 3 4 5 6 |  6.4
Dodging        | 3 4 5 |  5.0
Unarmed Combat | 4 5 6 7 |  7.5
Throwing       | 1 2 6 7 |  7.4
Shields        | 1 2 8 |  8.6
Armour         | 1 2 3 4 |  4.0
Evocations     | 1 2 3 |  3.5
Stealth        | |  1.0

Action                   |  1- 3 |  4- 6 |  7- 9 | 10-12 || total
-------------------------+-------+-------+-------+-------++-------
Melee: Unarmed           |    67 |    85 |   228 |   280 ||   660
       Punch             |       |     2 |     2 |       ||     4
Throw: Javelin           |       |       |     4 |       ||     4
       Boomerang         |       |       |       |    26 ||    26
Evoke: Wand              |       |       |     2 |     9 ||    11
  Use: Scroll            |     7 |       |     8 |     4 ||    19
       Potion            |       |       |     3 |     3 ||     6
 Stab: Sleeping          |     4 |     3 |       |       ||     7
       Paralysed         |       |       |     5 |     8 ||    13
Armor: Robe              |    18 |    22 |    49 |    28 ||   117
Dodge: Dodged            |    36 |    30 |   108 |   100 ||   274
Block: Kite shield       |       |       |    31 |   133 ||   164

Table legend: (Time is in decaauts)
 A = Elapsed time spent in this place.
 B = Non-inter-level travel time spent in this place.
 C = Inter-level travel time spent in this place.
 D = Time resting spent in this place.
 E = Time spent auto-exploring this place.
 F = Levels seen in this place.
 G = Mean time per level.
                   A        B        C        D        E       F      G
               +--------+--------+--------+--------+--------+-----+--------+
         Total |   6429 |   6241 |    188 |    312 |   4182 |  11 |  584.5 |
       Dungeon |   6332 |   6144 |    188 |    310 |   4173 |  10 |  633.2 |
        Bailey |     96 |     96 |      0 |      2 |      9 |   1 |   96.0 |
               +--------+--------+--------+--------+--------+-----+--------+

Top non-repeatable levels by time:
     D:3: 1040 daAuts
     D:6: 908 daAuts
     D:2: 897 daAuts
     D:5: 864 daAuts
     D:4: 712 daAuts
     D:7: 658 daAuts
     D:1: 516 daAuts
    D:10: 319 daAuts
     D:8: 224 daAuts
     D:9: 191 daAuts
  Bailey: 96 daAuts
